 Dungeon Crawl Stone Soup version 0.30-a0-50-gb2d611f6b1 (webtiles) character file.

Game seed: 5424441504300864113

30 Destapler the Vexing (level 3, 27/27 HPs)
             Began as a Barachi Arcane Marksman on Sept 3, 2022.
             Was a Follower of Yredelemnul.
             Got out of the dungeon alive.
             The game lasted 00:02:21 (734 turns).

Destapler the Vexing (Barachi Arcane Marksman)       Turns: 734, Time: 00:02:21

Health: 27/27      AC:  2    Str: 13    XL:     3   Next: 18%
Magic:  5/5        EV: 12    Int: 13    God:    Yredelemnul [*.....]
Gold:   38         SH:  0    Dex: 12    Spells: 4/5 levels left

rFire   . . .      SeeInvis .    a - +1 sling
rCold   . . .      Faith    .    (no shield)
rNeg    . . .      Spirit   .    c - +0 robe
rPois   .          Reflect  .    (no helmet)
rElec   .          Harm     .    (no cloak)
rCorr   .          Rampage  .    (no gloves)
Will    .....                    (no boots)
Stlth   +.........               (no amulet)
HPRegen 0.09/turn                (no ring)
MPRegen 0.09/turn                (no ring)

@: slow
A: amphibious, slowness 1, strong legs 1, +LOS
a: Hop, Renounce Religion, Recall Undead Harvest


You escaped.
You worshipped Yredelemnul.
Yredelemnul was noncommittal.
You visited 1 branch of the dungeon, and saw 1 of its levels.

You collected 38 gold pieces.

Inventory:

Hand Weapons
 a - a +1 sling (weapon)
Armour
 c - a +0 robe (worn)
Scrolls
 b - a scroll of poison
 f - 3 scrolls of summoning {unknown}
 g - a scroll of amnesia {unknown}
Potions
 d - a potion of curing {unknown}
 e - a potion of haste {unknown}
 h - a potion of heal wounds {unknown}


   Skills:
 + Level 2.0 Fighting
 + Level 2.4 Ranged Weapons
 + Level 2.6 Dodging
 + Level 1.7 Spellcasting
 - Level 3.3 Hexes


You had 4 spell levels left.
You knew the following spells:

 Your Spells              Type           Power      Damage    Failure   Level
a - Slow                  Hex            36%        N/A       7%          1

Your spell library contained the following spells:

 Spells                   Type           Power      Damage    Failure   Level
 Inner Flame              Hex/Fire       5%         N/A       36%         3
 Portal Projectile        Hex/Tloc       10%        N/A       36%         3
 Cause Fear               Hex            4%         N/A       54%         4


Dungeon Overview and Level Annotations

Branches:
Dungeon (1/15)

Altars:
Yredelemnul


Innate Abilities, Weirdness & Mutations

You are amphibious.
You cover ground slowly.
You can hop short distances.
You have an extended range of vision and can be seen from far away.


Message History

You swap places.
e - a fuming brown potion You swap places.
Found a stone staircase leading down.
You open the door.
There is an open door here.
A ball python comes into view.
You shoot a sling bullet. The sling bullet hits the ball python!
You kill the ball python!
You swap places.
You now have 38 gold pieces (gained 6).
A hobgoblin comes into view.
The hobgoblin shouts!
You shoot a sling bullet. The sling bullet hits the hobgoblin.
You kill the hobgoblin!
The dead are walking!
f - 3 scrolls labelled URGHICLIYGU
g - a scroll labelled JAS MOEPEG
h - a purple potion You swap places.
You swap places.
You swap places.
You swap places.
There is an open door here.
A ball python comes into view.
You shoot a sling bullet. The sling bullet hits the ball python.
The ball python hisses angrily.
The ball python is moderately wounded.
You shoot a sling bullet.
The sling bullet closely misses the ball python.
You shoot a sling bullet. The sling bullet hits the ball python!
You kill the ball python!
No target in view!
You swap places.
You open the large door.
There is a large open door here.
There is an open gate here.
There is a staircase leading out of the dungeon here.
Are you sure you want to leave the Dungeon?
This will make you lose the game!
You have escaped! .....# ♣#...........#♣ ###### .....# ♣#...........#♣ #..... .....# #..##...##..# #..... ###..# #..##...##..### #..... ##.. #............⌠# #..... #.. +.......Z....⌠# #..... #####'ZZ##########..... . #ZZZ#

##......... ..# #.@.#
#..###..... .... #####
#.####..... ..... ♣...♣
#>......... ...... ♣♣♣♣♣
###Z####### .......#########
##...#.ZZ..Z
.........ZZ.ZZ.###..###.#####
#############Z####.ZZ..##
#Z#...# #...........#Z#
####### #.#.#.#
#...........ZZ# #Z#..Z.


You could see a friendly bat zombie, 3 friendly ball python zombies, a friendly
adder zombie and a friendly jackal zombie.

Vanquished Creatures
  6 ball pythons (D:1)
  3 bats (D:1)
  2 endoplasms (D:1)
  A giant cockroach (D:1)
  5 hobgoblins (D:1)
  A ball python zombie (D:1)
  2 frilled lizards (D:1)
  A goblin (D:1)
  5 rats (D:1)
  A rat zombie (D:1)
  A spectral hobgoblin (D:1)
28 creatures vanquished.

Vanquished Creatures (collateral kills)
  An adder zombie (D:1)
  A hobgoblin (D:1)
  A bat (D:1)
  A rat (D:1)
4 creatures vanquished.

Grand Total: 32 creatures vanquished

Notes
Turn   | Place    | Note
-------+----------+-------------------------------------------
     0 | D:1      | Destapler the Barachi Arcane Marksman began the quest for
                  | the Orb.
     0 | D:1      | Reached XP level 1. HP: 15/15 MP: 2/2
   226 | D:1      | Reached XP level 2. HP: 21/21 MP: 3/3
   372 | D:1      | Found a faded altar of an unknown god.
   380 | D:1      | Prayed at the altar of an unknown god.
   380 | D:1      | Became a worshipper of Yredelemnul the Dark
   380 | D:1      | Reached * piety under Yredelemnul
   498 | D:1      | Reached XP level 3. HP: 27/27 MP: 5/5
   734 | D:$      | Got out of the dungeon alive.

Illustrated notes

Levels and vault maps discovered:
D:1:      beargit_arrival_diablo_church, layout_basic,
          dreamdust_ecumenical_altar_drowned_temple, kennysheep_small_spiral,
          chequers_arboretum, corexii_leaking_fountain

Skill      XL: |  1  2  3 |
---------------+----------+-----
Fighting       | 2 |  2.0
Ranged Weapons | |  2.4
Dodging        | |  2.6
Spellcasting   | |  1.7
Hexes          | |  3.3

Action                   || total
-------------------------++-------
 Fire: Sling             ||    58
Armor: Robe              ||     1
Dodge: Dodged            ||     6

Table legend: (Time is in decaauts)
 A = Elapsed time spent in this place.
 B = Non-inter-level travel time spent in this place.
 C = Inter-level travel time spent in this place.
 D = Time resting spent in this place.
 E = Time spent auto-exploring this place.
 F = Levels seen in this place.
 G = Mean time per level.
                   A        B        C        D        E       F      G
               +--------+--------+--------+--------+--------+-----+--------+
         Total |    873 |    768 |    105 |      0 |    642 |   1 |  873.0 |
       Dungeon |    873 |    768 |    105 |      0 |    642 |   1 |  873.0 |
               +--------+--------+--------+--------+--------+-----+--------+

Top non-repeatable levels by time:
     D:1: 873 daAuts
